 Dungeon Crawl Stone Soup version 0.31-a0-1204-ge2c1a860ed (webtiles) character file.

Game seed: 7767072810292244100

67 Hubris850 the Chopper (level 4, -1/41 HPs)
             Began as a Gnoll Cinder Acolyte on Dec 12, 2023.
             Was a High Priest of Ignis.
             Succumbed to an adder's poison
             ... on level 2 of the Dungeon.
             The game lasted 00:02:10 (1109 turns).

Hubris850 the Chopper (Gnoll Cinder Acolyte)        Turns: 1109, Time: 00:02:11

Health: -1/41      AC:  3    Str: 19    XL:     4   Next: 18%
Magic:  4/8        EV: 11    Int: 16    God:    Ignis [*****.]
Gold:   16         SH:  0    Dex:  7    Spells: 7/9 levels left

rFire   + . .        a - -1 hand axe (flame)
rCold   . . .        (no shield)
rNeg    . . .        b - +0 robe
rPois   .            (no helmet)
rElec   .            (no cloak)
rCorr   .            f - +0 pair of gloves
SInv    .            (no boots)
Will    .....        (no amulet)
Stlth   +            g - +6 ring of strength
HPRegen 0.26/turn    (no ring)
MPRegen 0.11/turn

%: no passive effects
@: lethally poisoned (-1 -> -8)
A: fangs 1, strong nose, distributed training
a: Renounce Religion, Fiery Armour, Foxfire Swarm, Rising Flame


You were on level 2 of the Dungeon.
You worshipped Ignis.
Ignis was extremely pleased with you.
You visited 1 branch of the dungeon, and saw 2 of its levels.

You collected 16 gold pieces.

Inventory:

Hand Weapons
 a - a -1 hand axe of flaming (weapon)
Armour
 b - a +0 robe (worn)
 f - a +0 pair of gloves (worn)
Jewellery
 g - a +6 ring of strength (left hand)
Scrolls
 d - 2 scrolls of identify {unknown}
Potions
 c - a potion of berserk rage {unknown}
 e - a potion of mutation {unknown}


   Skills:
 + Level 6.6 Fighting
 + Level 1.1 Short Blades
 + Level 1.1 Long Blades
 + Level 6.6 Axes
 + Level 1.1 Maces & Flails
 + Level 1.1 Polearms
 + Level 1.1 Staves
 + Level 1.1 Ranged Weapons
 + Level 1.1 Throwing
 + Level 1.1 Armour
 + Level 1.1 Dodging
 + Level 1.1 Stealth
 + Level 1.1 Shields
 + Level 1.1 Unarmed Combat
 + Level 3.0 Spellcasting
 + Level 0.8 Conjurations
 + Level 0.8 Hexes
 + Level 0.8 Summonings
 + Level 0.8 Necromancy
 + Level 0.8 Translocations
 + Level 0.8 Transmutations
 + Level 5.4 Fire Magic
 + Level 0.8 Ice Magic
 + Level 0.8 Air Magic
 + Level 0.8 Earth Magic
 + Level 0.8 Poison Magic
 + Level 1.2 Invocations
 + Level 1.1 Evocations
 + Level 1.0 Shapeshifting


You had 7 spell levels left.
You knew the following spells:

 Your Spells              Type           Power      Damage    Failure   Level
a - Scorch                Fire           38%        2d6       3%          2

Your spell library contained the following spells:

 Spells                   Type           Power      Damage    Failure   Level
 Volatile Blastmotes      Fire/Tloc      24%        2d12      16%         3
 Fulminant Prism          Conj/Hex       2%         3d5       78%         4
 Iskenderun's Mystic Bla  Conj/Tloc      5%         2d3       78%         4


Dungeon Overview and Level Annotations

Branches:
Dungeon (2/15)

Altars:


Innate Abilities, Weirdness & Mutations

You have very sharp teeth.
Your uncanny sense of smell can sniff out nearby items.
Your experience applies equally to all skills.


Message History

a +1 spear of freezing; a gnoll corpse You start resting.
A rat comes into view.
The rat squeaks loudly.
There is a stone staircase leading up, spattered with blood here.
You see here a throwing net.
An adder comes into view.
You closely miss the rat. The rat completely misses you.
The adder hisses angrily.
You hit the rat. You burn the rat.
The rat is severely wounded.
The rat bites you.
You completely miss the rat. You bite the rat.
You kill the rat!
You miss the adder. Your bite misses the adder.
The adder bites you but does no damage.
You closely miss the adder. The adder completely misses you.
The adder bites you.
You are poisoned.
The adder poisons you!
You closely miss the adder. Your bite misses the adder.
You feel sick. The adder bites you.
You miss the adder.
You feel sick. The adder bites you.
You are more poisoned.
The adder poisons you!
You closely miss the adder.
You feel sick. The adder bites you.
* * * LOW HITPOINT WARNING * * *
You are lethally poisoned!
The adder poisons you!
You barely miss the adder.
* * * LOW HITPOINT WARNING * * *
You feel very sick. The adder closely misses you. The adder bites you.
* * * LOW HITPOINT WARNING * * *
You miss the adder.
* * * LOW HITPOINT WARNING * * *
You feel sick. The adder bites you.
* * * LOW HITPOINT WARNING * * *
You miss the adder.
You die...

########
#......# .
#......#..
#.).......
#.........
#.@.)##...
#†#S## .
... .#
..#.. ##
## #.# #.
#! ..


You could see an adder.

Vanquished Creatures
  4 gnolls
  A dart slug (D:1)
  3 bats (D:1)
  5 endoplasms (D:1)
  A giant cockroach (D:1)
  2 goblins (D:1)
  2 hobgoblins (D:1)
  3 quokkas (D:1)
  2 ball pythons (D:1)
  2 frilled lizards
  3 rats
28 creatures vanquished.

Notes
Turn   | Place    | Note
-------+----------+-------------------------------------------
     0 | D:1      | Hubris850 the Gnoll Cinder Acolyte began the quest for the
                  | Orb.
     0 | D:1      | Reached XP level 1. HP: 23/23 MP: 4/4
   162 | D:1      | Reached XP level 2. HP: 29/29 MP: 5/5
   736 | D:1      | Reached XP level 3. HP: 35/35 MP: 7/7
   947 | D:1      | Reached skill level 1 in Short Blades
   947 | D:1      | Reached skill level 1 in Long Blades
   947 | D:1      | Reached skill level 1 in Maces & Flails
   947 | D:1      | Reached skill level 1 in Polearms
   947 | D:1      | Reached skill level 1 in Staves
   947 | D:1      | Reached skill level 1 in Ranged Weapons
   947 | D:1      | Reached skill level 1 in Throwing
   947 | D:1      | Reached skill level 1 in Armour
   947 | D:1      | Reached skill level 1 in Dodging
   947 | D:1      | Reached skill level 1 in Stealth
   947 | D:1      | Reached skill level 1 in Shields
   947 | D:1      | Reached skill level 1 in Unarmed Combat
   947 | D:1      | Reached skill level 1 in Invocations
   947 | D:1      | Reached skill level 1 in Evocations
  1073 | D:1      | Learned a level 2 spell: Scorch
  1078 | D:2      | Reached XP level 4. HP: 19/41 MP: 1/8
  1081 | D:2      | Reached skill level 1 in Shapeshifting
  1108 | D:2      | HP: 1/41 [adder (3)]
  1109 | D:2      | Succumbed to an adder's poison

Illustrated notes

Levels and vault maps discovered:
D:1:      sevenhm_arrival_forest_fort_small_3, layout_basic
D:2:      layout_rooms

Skill      XL: |  1  2  3  4 |
---------------+-------------+-----
Short Blades   | 1 |  1.1
Long Blades    | 1 |  1.1
Maces & Flails | 1 |  1.1
Polearms       | 1 |  1.1
Staves         | 1 |  1.1
Ranged Weapons | 1 |  1.1
Throwing       | 1 |  1.1
Armour         | 1 |  1.1
Dodging        | 1 |  1.1
Stealth        | 1 |  1.1
Shields        | 1 |  1.1
Unarmed Combat | 1 |  1.1
Invocations    | 1 |  1.2
Evocations     | 1 |  1.1
Spellcasting   | 3 |  3.0
Shapeshifting  | 1 |  1.0
Fighting       | |  6.6
Axes           | |  6.6
Conjurations   | |  0.8
Hexes          | |  0.8
Summonings     | |  0.8
Necromancy     | |  0.8
Translocations | |  0.8
Transmutations | |  0.8
Fire Magic     | |  5.4
Ice Magic      | |  0.8
Air Magic      | |  0.8
Earth Magic    | |  0.8
Poison Magic   | |  0.8

Action                     |  1- 3 |  4- 6 || total
---------------------------+-------+-------++-------
  Melee: Hand axe          |    75 |    13 ||    88
         Bite              |     7 |     1 ||     8
   Cast: Scorch            |     3 |       ||     3
 Armour: Robe              |    44 |     8 ||    52
  Dodge: Dodged            |    49 |     5 ||    54

Table legend: (Time is in decaauts)
 A = Elapsed time spent in this place.
 B = Non-inter-level travel time spent in this place.
 C = Inter-level travel time spent in this place.
 D = Time resting spent in this place.
 E = Time spent auto-exploring this place.
 F = Levels seen in this place.
 G = Mean time per level.
                   A        B        C        D        E       F      G
               +--------+--------+--------+--------+--------+-----+--------+
         Total |   1106 |   1069 |     37 |    132 |    740 |   2 |  553.0 |
       Dungeon |   1106 |   1069 |     37 |    132 |    740 |   2 |  553.0 |
               +--------+--------+--------+--------+--------+-----+--------+

Top non-repeatable levels by time:
     D:1: 1065 daAuts
     D:2: 41 daAuts
